 Dungeon Crawl Stone Soup version 0.29.0-11-gd7f09526c8 (webtiles) character file.

Game seed: 9169217934825015344

75466 robertstho the Wrestler (level 15, -7/120 HPs)
             Began as a Vine Stalker Berserker on Sept 2, 2022.
             Was a High Priest of Trog.
             Shot with a bolt by a yaktaur (10 damage)
             ... on level 14 of the Dungeon.
             The game lasted 00:31:10 (18555 turns).

robertstho the Wrestler (Vine Stalker Berserker)   Turns: 18555, Time: 00:31:11

Health: -7/120     AC: 29    Str: 26    XL:     15   Next: 50%
Magic:  0/16       EV: 10    Int:  7    God:    Trog [*****.]
Gold:   1667       SH:  0    Dex: 15    Spells: 14/14 levels left

rFire   + . .      SeeInvis +     - Unarmed
rCold   . . .      Faith    .   (no shield)
rNeg    . . .      Spirit   +   N - +0 crystal plate armour
rPois   .          Reflect  .   l - +1 helmet "Hifaddej" {Slay+5 SInv}
rElec   .          Harm     .   D - +0 cloak
rCorr   .          Rampage  .   i - +1 pair of gloves
Will    +....                   o - +2 pair of boots {Stlth+}
Stlth   ..........              m - amulet of magic regeneration
HPRegen 1.10/turn               K - ring of protection from fire
MPRegen 0.55/turn               P - +4 ring of evasion

@: berserking, very quick
A: fangs 3, regeneration 1, magic shield, antimagic bite, no potion heal 2
a: Renounce Religion, Berserk, Trog's Hand, Brothers in Arms


You were on level 14 of the Dungeon.
You worshipped Trog.
Trog was extremely pleased with you.
You visited 3 branches of the dungeon, and saw 22 of its levels.
You also visited: Bailey and Volcano.

You collected 2645 gold pieces.
You spent 978 gold pieces at shops.

Inventory:

Hand Weapons
 B - the +2 long sword "Iceiphul" {vorpal, MP+9 Int+3}
   (You found it on level 8 of the Dungeon)

   It inflicts extra damage upon your enemies.
   Int:       It affects your intelligence (+3).
   MP:        It affects your magic capacity (+9).
 J - a +2 vorpal great sword
Missiles
 b - 13 throwing nets (quivered)
Armour
 i - a +1 pair of gloves (worn)
 l - the +1 helmet "Hifaddej" (worn) {Slay+5 SInv}
   (You acquired it on level 10 of the Dungeon)

   Slay:      It affects your accuracy & damage with ranged weapons and melee
   (+5).
   SInv:      It lets you see invisible.
 o - a +2 pair of boots of stealth (worn)
 D - a +0 cloak (worn)
 E - a +0 plate armour of fire resistance
 N - a +0 crystal plate armour (worn)
 Q - a +3 ring mail of cold resistance
Jewellery
 k - a ring of see invisible
 m - an amulet of magic regeneration (around neck)
 A - a ring of willpower
 K - a ring of protection from fire (left hand)
 L - a ring of protection from cold
 P - a +4 ring of evasion (right hand)
 S - a ring of willpower
 U - a ring of positive energy
 W - a ring of ice
Wands
 s - a wand of light (4)
 y - a wand of charming (36)
 F - a wand of mindburst (14)
 M - a wand of digging (12)
 O - a wand of polymorph (2)
 R - a wand of iceblast (5)
Scrolls
 c - 6 scrolls of enchant armour
 g - 6 scrolls of teleportation
 r - a scroll of silence
 t - a scroll of brand weapon
 u - 2 scrolls of butterflies
 v - 2 scrolls of enchant weapon
 w - 2 scrolls of magic mapping
 z - 3 scrolls of blinking
 C - a scroll of fear {unknown}
 H - a scroll of poison {unknown}
 I - 3 scrolls of vulnerability {unknown}
 V - a scroll of immolation
 X - 2 scrolls of identify
Potions
 a - 7 potions of might
 d - a potion of magic
 e - 10 potions of curing
 f - 2 potions of ambrosia
 h - 10 potions of haste
 j - a potion of resistance
 p - 4 potions of mutation
 q - 4 potions of attraction
 x - 4 potions of flight
 G - 3 potions of invisibility
 T - a potion of cancellation
Miscellaneous
 n - a tin of tremorstones (2/2)


   Skills:
 * Level 9.9 Fighting
 + Level 9.2 Armour
 + Level 3.5 Dodging
 + Level 2.6 Stealth
 * Level 21.9 Unarmed Combat


You had 14 spell levels left.
You didn't know any spells.
Your spell library was empty.

Dungeon Overview and Level Annotations

Branches:
Dungeon (15/15)            Temple (0/1) D:4            Lair (5/5) D:9
  Swamp (0/4) Lair:3       Spider (0/4) Lair:2        Slime (0/5) Lair:4
    Orc (2/2) D:11            Elf (0/3) Orc:2        Bailey (visited)
Volcano (visited)
 Vaults: D:13-14     Depths: D:15

Altars:
Ashenzari
Cheibriados
Fedhas
Gozag
Ru
Uskayaw
Wu Jian
Xom
Yredelemnul

Shops:
D:4 [!!(   D:6 (   Orc:2 (([[

Annotations:
Lair:4 exclusion: 4 oklob plants


Innate Abilities, Weirdness & Mutations

You have razor-sharp teeth.
Your natural rate of healing is unusually fast.
When hurt, damage is shared between your health and your magic reserves.
Your bite disrupts and absorbs the magic of your enemies.
Potions cannot restore your health.


Message History

The polar bear is severely wounded.
The polar bear closely misses you.
The polar bear claws you but does no damage.
The polar bear barely misses you.
You pummel the polar bear like a punching bag!!!
You kill the polar bear!
Trog accepts your kill.
The polar bear's shape twists and changes as it dies.
The yaktaur wields a +0 arbalest.
The yaktaur shoots a bolt.
The bolt hits you!
A yaktaur comes into view.
You hear a shout!
A yaktaur captain comes into view.
Found 5 stones.
The yaktaur captain shouts!
The yaktaur shouts!
The yaktaur shoots a bolt.
The bolt hits you!!
The yaktaur captain moves out of view.
The yaktaur captain wields a +0 arbalest.
The yaktaur captain shoots a bolt.
The bolt hits you.
The yaktaur shoots a bolt.
The bolt hits you but does no damage.
The yaktaur wields a +0 arbalest.
The yaktaur shoots a bolt.
The bolt barely misses you.
The yaktaur captain shoots a bolt.
The bolt hits you!!
You are too injured to fight recklessly!
You are too injured to fight recklessly!
You are too injured to fight recklessly!
You are too injured to fight recklessly!
Unknown command.
A red film seems to cover your vision as you go berserk!
You feel yourself moving faster!
You feel mighty!
The yaktaur captain shoots a bolt.
The bolt hits you!!
* * * LOW HITPOINT WARNING * * *
The yaktaur shoots a bolt.
The bolt hits you!
* * * LOW HITPOINT WARNING * * *
The yaktaur unwields a +0 arbalest.
The yaktaur hits you.
* * * LOW HITPOINT WARNING * * *
You beat the yaktaur into a bloody pulp!!!
You kill the yaktaur!
Trog accepts your kill.
The yaktaur shoots a bolt.
The bolt hits you!
You die...

.#...#.....# ##.#
.......##..#
####...
.>.....##..#
#.(...###
...<...##..#
#........
#....####..#
#........ #.####
#..# #..c..... #.#
###..#####........
#.# #....#.....#.#
..# #.#.##....@).#
###
####.......#.##
##...†.......
##..$..#.#.#
#####.......
##.##.... .# ####
.#


You could see a yaktaur.

Vanquished Creatures
  An orc warlord (Orc:2)
  The ghost of Mallanif the Martial Artist, a journeyman GnTm of Ashenzari (D:13)
  Azrael (D:12)
  The ghost of slitherrr the Thaumaturge, a journeyman DjHW of Hepliaklqana (Lair:3)
  3 boulder beetles
  6 hydras
  A catoblepas (Lair:3)
  6 two-headed ogres
  A centaur warrior (D:13)
  A death knight (D:15)
  Sonja (D:13)
  4 orc high priests (Orc:2)
  A sun demon (Volcano)
  4 skeletal warriors (D:12)
  A shadow wraith (D:13)
  A wizard (D:15)
  A phantasmal warrior (D:13)
  A lindwurm (Lair:2)
  A necromancer (D:15)
  A deep elf pyromancer (D:14)
  3 orc knights (Orc:2)
  2 ugly things (Volcano)
  6 orc sorcerers
  Pikel (D:5)
  4 manticores
  2 cyclopes
  3 elephants (Lair:4)
  A gargoyle (D:13)
  15 cane toads
  An unseen horror (D:11)
  3 black mambas
  3 kobold demonologists
  3 rime drakes
  8 komodo dragons
  4 yaktaurs
  A tengu conjurer (D:15)
  3 freezing wraiths (D:13)
  3 polar bears
  2 hornets
  9 trolls
  A polar bear (shapeshifter) (D:14)
  17 blink frogs
  3 tyrant leeches (Lair:5)
  5 slime creatures (D:13)
  2 shadows
  2 wraiths
  5 wyverns
  4 fire elementals (D:12)
  24 yaks
  2 basilisks
  8 fire bats (Volcano)
  6 vampire mosquitoes
  Grum (D:9)
  3 steam dragons
  9 wargs
  2 acid dragons
  9 water moccasins
  4 hell hounds
  An ice beast (D:6)
  48 orc warriors
  2 sky beasts
  8 ogres
  6 centaurs
  2 phantoms
  6 wolves
  5 kobold brigands
  13 bullfrogs
  2 necrophages
  A scorpion (D:4)
  2 gnoll sergeants
  9 wights
  A killer bee (D:6)
  3 howler monkeys
  2 electric eels (Lair:5)
  6 crimson imps (D:13)
  7 lava snakes (Volcano)
  29 orc priests
  6 hounds
  3 jellies
  A gnoll bouda (D:9)
  5 iguanas
  Natasha (thrice) (D:4)
  29 orc wizards
  5 hell rats (Lair:2)
  11 gnolls
  5 adders
  3 shadow imps
  2 white imps (D:13)
  A worm (D:2)
  2 dart slugs (D:2)
  126 orcs
  3 bats (D:1)
  3 endoplasms
  5 giant cockroaches (D:1)
  9 goblins
  4 hobgoblins
  6 jackals (D:1)
  12 kobolds
  3 quokkas
  9 ball pythons
  6 frilled lizards
  5 rats
642 creatures vanquished.

Vanquished Creatures (collateral kills)
  Harold (D:10)
  A skeletal warrior (D:12)
  2 orc knights (Bailey)
  A cyclops (D:12)
  2 kobold demonologists (D:12)
  A wyvern (D:10)
  4 yaks
  An orc warrior (Orc:2)
  4 kobold brigands (D:12)
  3 orc priests (Orc:2)
  4 orcs
24 creatures vanquished.

Vanquished Creatures (others)
  An orc wizard (Orc:2)
  12 fungi
  63 plants
  2 withered plants (Lair:3)
78 creatures vanquished.

Grand Total: 744 creatures vanquished

Notes
Turn   | Place    | Note
-------+----------+-------------------------------------------
     0 | D:1      | robertstho the Vine Stalker Berserker began the quest for
                  | the Orb.
     0 | D:1      | Reached XP level 1. HP: 11/11 MP: 2/2
   356 | D:1      | Reached XP level 2. HP: 11/16 MP: 3/3
  1005 | D:1      | Found a faded altar of an unknown god.
  1127 | D:1      | Reached XP level 3. HP: 20/20 MP: 4/4
  1142 | D:1      | Reached ** piety under Trog
  1891 | D:2      | Reached skill level 1 in Stealth
  2142 | D:2      | Gained mutation: Your natural rate of healing is unusually
                  | fast. [Vine Stalker growth]
  2142 | D:2      | Reached XP level 4. HP: 19/24 MP: 5/5
  2297 | D:2      | Reached skill level 4 in Unarmed Combat
  2744 | D:3      | Found a faded altar of an unknown god.
  2748 | D:3      | Found an ornate altar of the Wu Jian Council.
  2800 | D:3      | Reached XP level 5. HP: 28/28 MP: 6/6
  3167 | D:4      | Noticed Natasha
  3173 | D:4      | Reached skill level 5 in Unarmed Combat
  3175 | D:4      | Killed Natasha
  3176 | D:4      | Reached XP level 6. HP: 33/33 MP: 7/7
  3232 | D:4      | Found Ugicyis's Distillery.
  3282 | D:4      | Bought a potion of attraction for 39 gold pieces
  3282 | D:4      | Bought a potion of might for 52 gold pieces
  3282 | D:4      | Bought a potion of curing for 39 gold pieces
  3282 | D:4      | Found a blossoming altar of Fedhas.
  3283 | D:4      | Noticed Natasha
  3284 | D:4      | Found Vigumn's Antique Armour Shop.
  3290 | D:4      | Killed Natasha
  3333 | D:4      | Found a broken altar of Ashenzari.
  3337 | D:4      | Saw a vision of the Swamp and the Spider Nest.
  3337 | D:4      | Noticed a bog body
  3337 | D:4      | Noticed a jumping spider
  3337 | D:4      | Noticed a steelbarb worm
  3337 | D:4      | Noticed a redback
  3337 | D:4      | Noticed a bog body
  3337 | D:4      | Noticed a wolf spider
  3337 | D:4      | Noticed a jumping spider
  3337 | D:4      | Noticed a tyrant leech
  3337 | D:4      | Noticed a tarantella
  3337 | D:4      | Noticed a wolf spider
  3337 | D:4      | Noticed a culicivora
  3337 | D:4      | Noticed a jumping spider
  3337 | D:4      | Noticed a bog body
  3337 | D:4      | Noticed a pharaoh ant
  3337 | D:4      | Noticed a swamp dragon
  3337 | D:4      | Noticed a culicivora
  3337 | D:4      | Noticed a steelbarb worm
  3337 | D:4      | Noticed a steelbarb worm
  3340 | D:4      | Noticed a bog body
  3401 | D:4      | Found a sacrificial altar of Ru.
  3423 | D:4      | Noticed Natasha
  3428 | D:4      | Reached skill level 6 in Unarmed Combat
  3428 | D:4      | Reached XP level 7. HP: 37/37 MP: 8/8
  3432 | D:4      | Killed Natasha
  3432 | D:4      | Reached *** piety under Trog
  3658 | D:4      | Found a staircase to the Ecumenical Temple.
  3738 | D:4      | Found Ymecaz's Distillery.
  3742 | D:4      | Bought a potion of berserk rage for 50 gold pieces
  3742 | D:4      | Bought a potion of flight for 30 gold pieces
  3742 | D:4      | Bought a potion of brilliance for 40 gold pieces
  3783 | D:4      | Found Elasu's Weapon Shoppe.
  3831 | D:5      | Entered Level 5 of the Dungeon
  3941 | D:5      | Noticed Pikel
  3950 | D:5      | Killed Pikel
  3951 | D:5      | Reached skill level 7 in Unarmed Combat
  3951 | D:5      | Gained mutation: You have razor-sharp teeth. [Vine Stalker
                  | growth]
  3951 | D:5      | Reached XP level 8. HP: 42/42 MP: 9/9
  4166 | D:5      | Reached skill level 8 in Unarmed Combat
  4430 | D:6      | Found a basalt altar of Yredelemnul.
  4789 | D:6      | Reached skill level 9 in Unarmed Combat
  4815 | D:6      | Reached XP level 9. HP: 38/46 MP: 8/10
  4905 | D:6      | Noticed a manticore
  4913 | D:6      | Killed a manticore
  4914 | D:6      | Reached skill level 5 in Fighting
  4914 | D:6      | Reached skill level 10 in Unarmed Combat
  4991 | D:6      | Found Cipra's Weapon Emporium.
  5516 | D:7      | Reached **** piety under Trog
  6032 | D:8      | Found a hide-covered altar of Uskayaw.
  6044 | D:8      | Reached skill level 11 in Unarmed Combat
  6064 | D:8      | Reached XP level 10. HP: 44/51 MP: 9/11
  6091 | D:8      | Identified the +2 long sword "Iceiphul" {vorpal, MP+9
                  | Int+3}
  6816 | D:4      | Bought a potion of mutation for 80 gold pieces
  6816 | D:4      | Bought a potion of invisibility for 80 gold pieces
  7079 | D:9      | Paralysed by a hornet for 2 turns
  7084 | D:9      | Reached skill level 12 in Unarmed Combat
  7085 | D:9      | Reached skill level 5 in Armour
  7412 | D:9      | Noticed Grum
  7432 | D:9      | Killed Grum
  7541 | D:9      | Found a staircase to the Lair.
  7881 | D:10     | Entered Level 10 of the Dungeon
  7918 | D:10     | Reached skill level 13 in Unarmed Combat
  7933 | D:10     | Noticed Harold
  7934 | D:10     | Reached XP level 11. HP: 25/57 MP: 8/12
  7940 | D:10     | Killed Harold
  8017 | D:10     | Found a flagged portal.
  8026 | Bailey   | Entered a bailey
  8260 | Bailey   | Noticed an orc knight
  8260 | Bailey   | Noticed an orc knight
  8264 | Bailey   | Killed an orc knight
  8265 | Bailey   | Reached skill level 14 in Unarmed Combat
  8266 | Bailey   | Killed an orc knight
  8431 | D:10     | Acquired the +1 helmet "Hifaddej" {Slay+5 SInv}
  8506 | Lair:1   | Entered Level 1 of the Lair of Beasts
  8583 | Lair:1   | Noticed a boulder beetle
  8616 | Lair:1   | Killed a boulder beetle
  8735 | Lair:1   | Found a shimmering altar of Xom.
  8788 | Lair:1   | Reached skill level 15 in Unarmed Combat
  9303 | Lair:2   | Reached XP level 12. HP: 43/63 MP: 9/13
  9399 | Lair:2   | Found a hole to the Spider Nest.
  9944 | Lair:3   | Found a staircase to the Swamp.
 10177 | Lair:3   | Noticed a catoblepas
 10184 | Lair:3   | Killed a catoblepas
 10185 | Lair:3   | Reached skill level 16 in Unarmed Combat
 10237 | Lair:3   | Noticed an eight-headed hydra
 10243 | Lair:3   | Killed an eight-headed hydra
 10412 | Lair:3   | Found a runed translucent door.
 10412 | Lair:3   | Noticed slitherrr's ghost (journeyman DjHW)
 10687 | Lair:3   | Killed slitherrr's ghost
 10750 | Lair:4   | Found a staircase to the Slime Pits.
 10865 | Lair:4   | Reached ***** piety under Trog
 10948 | Lair:4   | Found a dark tunnel.
 10986 | Volcano  | Entered a volcano
 11142 | Volcano  | Noticed a sun demon
 11159 | Volcano  | Killed a sun demon
 11163 | Volcano  | Reached skill level 17 in Unarmed Combat
 11175 | Volcano  | Found a radiant altar of Vehumet.
 11283 | Lair:4   | Reached XP level 13. HP: 63/68 MP: 14/14
 11835 | Lair:5   | Entered Level 5 of the Lair of Beasts
 11926 | Lair:5   | Received a gift from Trog
 12107 | Lair:5   | Found a snail-covered altar of Cheibriados.
 12123 | Lair:5   | Reached skill level 18 in Unarmed Combat
 13171 | D:11     | Reached skill level 19 in Unarmed Combat
 13567 | D:11     | Reached XP level 14. HP: 74/74 MP: 15/15
 13672 | D:11     | Found a staircase to the Orcish Mines.
 13889 | D:12     | Noticed Azrael
 14059 | Orc:1    | Entered Level 1 of the Orcish Mines
 14180 | Orc:1    | Found a runed translucent door.
 14343 | Orc:2    | Entered Level 2 of the Orcish Mines
 14812 | Orc:1    | You fall into a shaft and drop 1 floor!
 14908 | Orc:1    | Reached ****** piety under Trog
 15088 | Orc:2    | Received a gift from Trog
 15162 | Orc:2    | Reached skill level 20 in Unarmed Combat
 15210 | Orc:2    | Found Oseczyisch's Antique Armour Boutique.
 15275 | Orc:2    | Found Foogg's Antique Armour Shop.
 15292 | Orc:2    | Bought a pair of glowing boots for 217 gold pieces
 15503 | Orc:2    | Found a staircase to the Elven Halls.
 15826 | Orc:2    | Noticed an orc warlord
 15837 | Orc:2    | Killed an orc warlord
 15874 | Orc:2    | Found Huypoh's Antique Weapon Boutique.
 15994 | Orc:2    | Found Viaf's Antique Weapon Shop.
 16477 | D:4      | Bought a potion of curing for 39 gold pieces
 16477 | D:4      | Bought a potion of cancellation for 104 gold pieces
 16477 | D:4      | Bought a potion of ambrosia for 104 gold pieces
 16477 | D:4      | Bought a potion of magic for 104 gold pieces
 16665 | D:12     | Killed Azrael
 16840 | D:12     | Reached skill level 21 in Unarmed Combat
 16871 | D:12     | Reached XP level 15. HP: 52/79 MP: 16/16
 17128 | D:12     | You fall into a shaft and drop 2 floors!
 17268 | D:13     | Noticed Sonja
 17278 | D:13     | Killed Sonja
 17294 | D:12     | HP: 2/80 [poisoned by a kobold brigand]
 17472 | D:13     | Found a runed translucent gate.
 17472 | D:13     | Found a runed translucent gate.
 17472 | D:13     | Found a runed translucent gate.
 17473 | D:13     | Noticed Mallanif's ghost (journeyman GnTm)
 17550 | D:13     | Received a gift from Trog
 17770 | D:13     | Killed Mallanif's ghost
 18109 | D:10     | Found an opulent altar of Gozag.
 18360 | D:15     | Entered Level 15 of the Dungeon
 18553 | D:14     | HP: 4/120 [yaktaur/bolt (10)]
 18555 | D:14     | Shot with a bolt by a yaktaur

Illustrated notes

Levels and vault maps discovered:
D:1:      doesnt_arrival_eight_statues, layout_basic,
          nicolae_ecumenical_lake_church
D:2:      layout_loops_ring, chequers_mini_garden
D:3:      layout_loops_ring, nicolae_overflow_ecumenical_swirl,
          nicolae_underground_beach
D:4:      layout_basic, fedhas_altar_3, grunt_ashenzari_visionary
          [grunt_ashenzari_visionary_swamp, grunt_ashenzari_visionary_spider],
          nicolae_overflow_crystal_walls, temple_statues, serial_shops, shop,
          shop, shop, nicolae_shop_stone,
          hangedman_abyss_or_decor_jellyfish_corner, uniq_natasha
D:5:      layout_basic, kennysheep_decorative_pillar, uniq_pikel
D:6:      layout_basic, yredelemnul_altar_generic, serial_shops, shop,
          dreamdust_wishing_well, grunt_decor_cap, kb_rosetta
D:7:      layout_rooms, dk_noncrumbling_2, bh_walls_and_bars
D:8:      layout_loops_cross, eat_drink_and_be_merry_uskayaw
D:9:      layout_long_grid, erik_lair_orcish_takeover, uniq_grum
D:10:     layout_cave_pools, old_standard_altar, enter_bailey_8, uniq_harold
D:11:     layout_loops_cross, hiddenorc1_lemuel, hangedman_decor_push
D:12:     layout_layer_cave, portal_ice_cave_entry_pillars_1, uniq_azrael
D:13:     layout_rooms, gammafunk_ghost_spectres, minmay_nine_imps, uniq_sonja
D:14:     layout_loops_ring, david_vaults_2, minmay_misc_feat_enclosed,
          kennysheep_potato
D:15:     hangedman_depths_entry_civil_slaughter, layout_cave_pools,
          serial_glass, glass_columns_b, glass_columns_b, glass_columns_a,
          glass_columns_b, glass_columns_a, serial_shops, shop, st_stairs_5
Lair:1:   layout_long_grid, basic_altar, serial_bayou_pond_a
Lair:2:   layout_chaotic_city, spider_nest_entry_web_field, lemuel_fruit_tree
Lair:3:   hellmonk_ruined_rings, layout_long_grid, swamp_mist_pool,
          gammafunk_ghost_grave, nicolae_quartered_pool_little
Lair:4:   layout_regular_city, minmay_slime_entry_oklob_open,
          nicolae_volcano_entry_hallway
Lair:5:   minmay_lair_end_frog_pond, layout_hall_layers, basic_altar
Orc:1:    layout_diamond_mine, serial_shops, lightli_church_of_beogh
Orc:2:    pubby_orc_utopia

Skill      XL: |  1  2  3  4  5  6  7  8  9 10 11 12 13 14 15 |
---------------+----------------------------------------------+-----
Fighting       | 3 4 5 6 7 8 9 |  9.9
Stealth        | 1 2 |  2.6
Unarmed Combat | 4 5 6 7 9 11 13 15 17 19 21 | 21.9
Dodging        | 2 3 |  3.5
Armour         | 2 3 4 5 6 7 8 9 |  9.2

Action                   |  1- 3 |  4- 6 |  7- 9 | 10-12 | 13-15 || total
-------------------------+-------+-------+-------+-------+-------++-------
Melee: Unarmed           |   122 |    85 |   206 |   402 |   798 ||  1613
       Bite              |    26 |    21 |    57 |   140 |   257 ||   501
       Punch             |     3 |     4 |     6 |    46 |    93 ||   152
Invok: Berserk           |     1 |     4 |     5 |     9 |    15 ||    34
       Brothers in Arms  |       |       |       |     2 |     3 ||     5
       Trog's Hand       |       |       |       |     1 |       ||     1
Evoke: Wand              |       |       |       |     1 |       ||     1
  Use: Scroll            |     3 |     4 |     3 |     3 |    10 ||    23
       Potion            |       |       |       |       |     4 ||     4
 Stab: Sleeping          |     5 |       |       |       |       ||     5
Armor: Animal skin       |    19 |       |       |       |       ||    19
       Scale mail        |       |    36 |    86 |       |       ||   122
       Plate armour      |       |       |    14 |   163 |       ||   177
       Crystal plate arm |       |       |       |   123 |   466 ||   589
       Ring mail         |       |       |       |       |     7 ||     7
Dodge: Dodged            |    58 |    45 |   103 |   140 |   348 ||   694
